 Dungeon Crawl Stone Soup version 0.17-a0-1997-ga88ed7d (webtiles) character file.

2642 Mordenkainen the Destroyer (level 9, 0/45 HPs)
             Began as a Deep Elf Wizard on Oct 8, 2015.
             Was an Initiate of Nemelex Xobeh.
             Slain by a wolf (8 damage)
             ... on level 8 of the Dungeon.
             The game lasted 00:26:29 (6216 turns).

Mordenkainen the Destroyer (Deep Elf Wizard)        Turns: 6216, Time: 00:26:29

Health: 0/45       AC:  7    Str:  5    XL:     9   Next: 35%
Magic:  10/32      EV: 12    Int: 26    God:    Nemelex Xobeh [......]
Gold:   346        SH:  0    Dex: 13    Spells: 6 memorised, 8 levels left

rFire  . . .     SeeInvis .     D - +0 hand axe (elec)
rCold  . . .     Clarity  .     a - +0 robe
rNeg   . . .     SustAt   .     (no shield)
rPois  .         Gourm    .     b - +0 hat
rElec  .         Spirit   .     K - +2 cloak
rCorr  .         Warding  .     O - +0 pair of gloves
rMut   .         Stasis   .     q - +0 pair of boots
MR     .....                    (no amulet)
Stlth  ++........               u - ring of magical power
                                H - ring of wizardry

@: repel missiles, not resistant to hostile enchantments, unstealthy
A: no striking features
a: Renounce Religion


You were on level 8 of the Dungeon.
You worshipped Nemelex Xobeh.
Nemelex Xobeh was noncommittal.
You were near starving.

You visited 2 branches of the dungeon, and saw 9 of its levels.

You collected 346 gold pieces.

Inventory:

Hand Weapons
 p - a +0 blowgun
 D - a +0 hand axe of electrocution (weapon)
Missiles
 s - 6 curare-tipped needles
 w - 57 poisoned needles
Armour
 a - a +0 robe (worn)
 b - a +0 hat (worn)
 q - a +0 pair of boots (worn)
 K - a +2 cloak (worn)
 O - a +0 pair of gloves (worn)
Jewellery
 h - an uncursed ring of teleportation
 m - an uncursed ring of protection from fire
 u - a ring of magical power (right hand)
 C - an uncursed ring of ice
 E - a +3 ring of strength
 H - a ring of wizardry (left hand)
 U - an uncursed ring of ice
 V - a cursed ring of loudness {unknown}
 Y - a cursed ring of loudness {unknown}
Wands
 B - a wand of fire (0)
 I - a wand of random effects (22)
 P - a wand of random effects (32)
 S - a wand of frost (23)
Scrolls
 e - 2 scrolls of recharging {unknown}
 i - a scroll of enchant armour {unknown}
 j - a scroll of noise {unknown}
 k - 3 scrolls of random uselessness {unknown}
 l - 5 scrolls of remove curse
 r - a scroll of fear {unknown}
 v - 7 scrolls of identify {unknown}
 x - 3 scrolls of teleportation {unknown}
 y - a scroll of fog {unknown}
 A - 2 scrolls of enchant weapon {unknown}
 Q - a scroll of amnesia {unknown}
Potions
 o - 4 potions of heal wounds {unknown}
 t - a potion of cancellation {unknown}
 z - 3 potions of degeneration {unknown}
 F - 3 potions of lignification {unknown}
 G - a potion of mutation {unknown}
 J - 2 potions of curing {unknown}
 M - a potion of resistance {unknown}
 N - a potion of flight {unknown}
 X - 2 potions of haste {unknown}
Books
 c - a book of Minor Magic

   Spells                             Type                      Level
   a - Magic Dart                     Conjuration                  1
   b - Blink                          Translocation                2
   c - Call Imp                       Summoning                    2
   d - Repel Missiles                 Charms/Air                   2
   e - Slow                           Hexes                        2
   f - Conjure Flame                  Conjuration/Fire             3
   g - Mephitic Cloud                 Conjuration/Poison/Air       3
 L - a book of the Earth

   Spells                             Type                      Level
   a - Leda's Liquefaction            Hexes/Earth                  4
   b - Bolt of Magma                  Conjuration/Fire/Earth       5
   c - Statue Form                    Transmutation/Earth          6
   d - Iron Shot                      Conjuration/Earth            6
   e - Shatter                        Earth                        9
 R - a book of the Tempests

   Spells                             Type                      Level
   a - Static Discharge               Conjuration/Air              3
   b - Lightning Bolt                 Conjuration/Air              5
   c - Fireball                       Conjuration/Fire             5
   d - Tornado                        Air                          9
   e - Shatter                        Earth                        9
 T - a book of Maledictions

   Spells                             Type                      Level
   a - Corona                         Hexes                        1
   b - Ensorcelled Hibernation        Hexes/Ice                    2
   c - Confuse                        Hexes                        3
   d - Tukima's Dance                 Hexes                        3
   e - Dazzling Spray                 Conjuration/Hexes            3
Comestibles
 d - 4 bread rations
 f - 6 meat rations
 g - 4 beef jerkies
 n - a fruit
 W - a royal jelly


   Skills:
 - Level 2.4 Dodging
 - Level 2.4 Stealth
 + Level 8.4 Spellcasting
 * Level 9.0 Conjurations
 - Level 3.2 Charms
   Level 1.1 Summonings
 - Level 3.0 Translocations
 + Level 3.2 Fire Magic
 - Level 3.1 Air Magic
 + Level 1.6 Earth Magic
 - Level 3.3 Poison Magic
 * Level 4.2 Evocations


You had 8 spell levels left.
You knew the following spells:

 Your Spells              Type           Power        Failure   Level  Hunger
a - Magic Dart            Conj           ####         1%          1    None
b - Blink                 Tloc           N/A          1%          2    None
c - Repel Missiles        Chrm/Air       ####..       1%          2    None
e - Conjure Flame         Conj/Fire      #####...     1%          3    None
f - Bolt of Magma         Conj/Fire/Erth #####.....   10%         5    ####...
h - Mephitic Cloud        Conj/Pois/Air  #####...     1%          3    None


Dungeon Overview and Level Annotations

Branches:
Dungeon (8/15)             Temple (1/1) D:6            Lair (0/8) D:8

Altars:
Ashenzari
Cheibriados
Dithmenos
Fedhas
Gozag
Kikubaaqudgha
Makhleb
Nemelex Xobeh
Okawaru
Qazlal
Ru
Sif Muna
Trog
Vehumet
Xom
Yredelemnul
Zin


Message History

There are monsters nearby!
Unknown command.
Evoke which item? (* to show all) (? for menu, Esc to quit)
Zapping:
B - a wand of fire {zapped: 3} (will waste charges)
Press: ? - help, Shift-Dir - straight line, f - centaur
Aim: a centaur, wielding a shortbow (lightly wounded) Evoking this partially-identified wand wasted a few charges.
The wolf barely misses you.
The electric eel is engulfed in noxious fumes.
The electric eel appears confused.
Evoke which item? (* to show all) (? for menu, Esc to quit)
Zapping:
B - a wand of fire {zapped: 5} (will waste charges)
Press: ? - help, Shift-Dir - straight line, f - wolf
Aim: a wolf The bolt of fire misses the wolf.
Evoking this partially-identified wand wasted a few charges.
The wolf is engulfed in a cloud of scalding steam.
The wolf bites you!
You die...
Your body disappears without a glow.

...#+#≈≈≈≈≈≈..;
......≈≈≈≈≈≈....
......≈§≈≈§†.>.≈
......≈≈≈§;§....
....≈§≈≈≈sh.≈.
..§≈≈.≈≈≈≈≈≈
#..§≈≈§§≈≈≈
#(h§†§§§≈.≈
#@.§≈§≈c≈≈.
#.(.§§.≈.≈.
#...l..≈.≈.
#..........
######.....
#####


You could see a wolf, a scorpion (confused), an electric eel (confused), a giant
gecko and a jackal.

Vanquished Creatures
  A troll (D:8)
  A phantom (D:4)
  An ice beast (D:6)
  A black bear (D:6)
  2 centaurs
  An ogre (D:6)
  3 giant frogs
  3 scorpions
  3 killer bees (D:7)
  3 centaur zombies
  2 crimson imps
  2 electric eels (D:8)
  2 giant frog zombies
  4 orc wizards
  2 orc priests
  6 hounds
  A centaur skeleton (D:8)
  An iguana (D:5)
  9 worker ants
  A hound zombie (D:5)
  2 worker ant zombies
  9 gnolls
  9 adders
  2 shadow imps (D:5)
  2 adder skeletons
  27 orcs
  5 giant cockroaches
  6 goblins
  12 hobgoblins
  5 jackals
  2 quokkas
  A ball python (D:3)
  10 bats
  8 giant geckos
  6 giant newts
  A jackal skeleton (D:5)
  11 kobolds
  4 rats
171 creatures vanquished.

Vanquished Creatures (collateral kills)
  The ghost of Mordenkainen the Destroyer, a novice DEWz of Vehumet (D:7)
  A wyvern skeleton (D:7)
2 creatures vanquished.

Grand Total: 173 creatures vanquished

Notes
Turn   | Place    | Note
--------------------------------------------------------------
     0 | D:1      | Mordenkainen the Deep Elf Wizard began the quest for the Orb.
     0 | D:1      | Reached XP level 1. HP: 10/10 MP: 7/7
   367 | D:1      | Reached XP level 2. HP: 15/15 MP: 5/9
   983 | D:2      | Reached XP level 3. HP: 19/19 MP: 2/10
  1304 | D:3      | Learned a level 2 spell: Blink
  1307 | D:3      | Learned a level 2 spell: Repel Missiles
  1311 | D:3      | Learned a level 3 spell: Mephitic Cloud
  1332 | D:3      | Reached XP level 4. HP: 24/24 MP: 0/12
  1443 | D:3      | Learned a level 3 spell: Conjure Flame
  1510 | D:3      | Noticed a giant frog
  1518 | D:3      | Killed a giant frog
  1518 | D:3      | Reached skill level 1 in Charms
  1518 | D:3      | Reached XP level 5. HP: 28/28 MP: 3/14
  1519 | D:3      | Reached skill level 5 in Spellcasting
  1717 | D:3      | Reached skill level 1 in Poison Magic
  1752 | D:3      | Reached skill level 1 in Fire Magic
  2246 | D:3      | Reached skill level 1 in Air Magic
  2292 | D:4      | Noticed a phantom
  2361 | D:4      | Reached XP level 6. HP: 12/32 MP: 8/15
  2737 | D:4      | Reached skill level 5 in Conjurations
  2910 | D:4      | Killed a phantom
  3378 | D:4      | Reached XP level 7. HP: 33/36 MP: 17/17
  3545 | D:5      | Entered Level 5 of the Dungeon
  3921 | D:5      | Reached skill level 6 in Spellcasting
  4229 | D:5      | Found a sacrificial altar of Ru.
  4236 | D:5      | Found a glowing silver altar of Zin.
  4241 | D:5      | Found a basalt altar of Yredelemnul.
  4248 | D:5      | Found a bloodstained altar of Trog.
  4253 | D:5      | Found an opulent altar of Gozag.
  4260 | D:5      | Found an iron altar of Okawaru.
  4265 | D:5      | Found a stormy altar of Qazlal.
  4458 | D:6      | Reached XP level 8. HP: 19/41 MP: 11/19
  4655 | D:6      | Reached skill level 7 in Conjurations
  4809 | D:6      | Found a staircase to the Ecumenical Temple.
  4966 | D:6      | Found an iron altar of Okawaru.
  5386 | Temple   | Entered the Ecumenical Temple
  5394 | Temple   | Became a worshipper of Nemelex Xobeh the Trickster
  5434 | D:7      | Received a gift from Nemelex Xobeh
  5527 | D:7      | Reached skill level 1 in Evocations
  5559 | D:7      | Reached skill level 8 in Conjurations
  5655 | D:7      | Noticed Mordenkainen's ghost (novice DEWz)
  5667 | D:7      | Killed Mordenkainen's ghost
  5769 | D:7      | Reached XP level 9. HP: 45/45 MP: 22/22
  6175 | D:8      | Learned a level 5 spell: Bolt of Magma
  6205 | D:8      | Found a staircase to the Lair.
  6212 | D:8      | Reached skill level 1 in Earth Magic
  6214 | D:8      | Reached skill level 9 in Conjurations
  6216 | D:8      | Slain by a wolf

Vault maps used:
D:1:      denvon_arrival_planthouse
D:2:      minmay_misc_feat_tower
D:4:      st_stairs_8
D:5:      lemuel_ice_spiral_2, grunt_temple_overflow_octagram, first_bread
D:6:      minmay_temple_entry_butterflies, okawaru_gym_becter
D:8:      erik_lair_island, the_bakery, nicolae_qazlal_eye_of_the_storm,
          uniq_prince_ribbit1, uniq_erica, uniq_pikel
Temple:   eino_narrow_crystal_temple_b_12

Action                   |  1- 3 |  4- 6 |  7- 9 || total
-------------------------+-------+-------+-------++-------
Melee: Unarmed           |    15 |       |       ||    15
       Dagger            |       |     2 |       ||     2
       Hand axe          |       |     2 |    33 ||    35
 Fire: Blowgun           |       |     7 |     2 ||     9
 Cast: Magic Dart        |    89 |   169 |   210 ||   468
       Conjure Flame     |       |     6 |    13 ||    19
       Blink             |       |     2 |       ||     2
       Repel Missiles    |       |     1 |       ||     1
       Mephitic Cloud    |       |       |     8 ||     8
       Bolt of Magma     |       |       |     3 ||     3
Evoke: Deck              |       |       |     9 ||     9
       Wand              |       |       |     3 ||     3
  Use: Scroll            |       |     1 |       ||     1
  Eat: Chunk             |     1 |     6 |     7 ||    14
       Fruit             |       |       |     1 ||     1
